 Dungeon Crawl Stone Soup version 0.28-a0-1638-g9123634e07 (webtiles) character file.

Game seed: 1222967963352299365

70 murtidash the Chopper (level 4, -1/35 HPs)
             Began as a Formicid Abyssal Knight on Jan 25, 2022.
             Was a Follower of Lugonu.
             Slain by an orc (4 damage)
             ... on level 3 of the Dungeon.
             The game lasted 00:02:20 (2402 turns).

murtidash the Chopper (Formicid Abyssal Knight)     Turns: 2402, Time: 00:02:21

Health: -1/35      AC:  3    Str: 17 (20) XL:     4   Next: 44%
Magic:  6/6        EV: 11    Int:  7 (9)  God:    Lugonu [*.....]
Gold:   90         SH:  0    Dex:  8 (11) Spells: 3/3 levels left

rFire   . . .      SeeInvis +   p - +0 war axe
rCold   . . .      Faith    .   (no shield)
rNeg    . . .      Spirit   .   b - +0 leather armour
rPois   .          Reflect  .   (helmet unavailable)
rElec   .          Harm     .   (no cloak)
rCorr   .          Rampage  .   (no gloves)
Will    .....                   (no boots)
Stlth   +.........              (no amulet)
HPRegen 0.11/turn               (no ring)
MPRegen 0.10/turn               (no ring)

@: brilliant, flying
A: permanent stasis, dig shafts and tunnels, antennae 3, four strong arms
a: Dig, Shaft Self, Renounce Religion, Depart the Abyss


You were on level 3 of the Dungeon.
You worshipped Lugonu.
Lugonu was aware of your devotion.
You visited 1 branch of the dungeon, and saw 3 of its levels.
You visited the Abyss 1 time.

You collected 90 gold pieces.

Inventory:

Hand Weapons
 a - a +1 hand axe
 p - a +0 war axe (weapon)
   (You took it off an orc on level 3 of the Dungeon)
Armour
 b - a +0 leather armour (worn)
Jewellery
 o - a ring of ice {rC+, rF-}
   (You found it on level 3 of the Dungeon)
Wands
 l - a wand of polymorph (2)
   (You took it off Jessica on level 2 of the Dungeon)
Scrolls
 c - 3 scrolls of identify {unknown}
 e - 4 scrolls of teleportation {unknown}
 f - a scroll of magic mapping {unknown}
 g - 2 scrolls of amnesia
 h - a scroll of enchant armour {unknown}
 k - a scroll of vulnerability {unknown}
 n - a scroll of fear {unknown}
 q - a scroll of enchant weapon {unknown}
Potions
 i - 2 potions of degeneration {!q}
 j - a potion of flight


   Skills:
 - Level 3.2 Fighting
 * Level 3.7 Axes
 - Level 2.1 Armour
 - Level 0.8 Dodging
 + Level 3.4 Invocations


You had 3 spell levels left.
You didn't know any spells.
Your spell library was empty.

Dungeon Overview and Level Annotations

Branches:
Dungeon (3/15)

Altars:

Shops:
D:1 =


Innate Abilities, Weirdness & Mutations

You cannot be hasted, slowed, berserked, paralysed or teleported.
You can dig through walls and to a lower floor.
You have a pair of large antennae on your head. (SInv)
Your four strong arms can wield two-handed weapons with a shield.


Message History

No target in view!
No target in view!
No target in view!
No target in view!
No target in view!
No target in view!
No target in view!
You see here a bat corpse.
o - a ring of ice {rC+, rF-} Health restored: 35 You now have 90 gold pieces (gained 15).
An orc comes into view. It is wielding a +0 war axe.
The orc shouts!
The orc hits you with a +0 war axe.
You take 6 damage, and have 29/35 hp.
You hit the orc but do no damage. The orc hits you with a +0 war axe.
You take 2 damage, and have 27/35 hp.
You barely miss the orc. The orc closely misses you.
You hit the orc. The orc hits you but does no damage.
You slash the orc!
You kill the orc!
Lugonu accepts your kill.
No target in view!
No target in view!
No target in view!
No target in view!
No target in view!
No target in view!
No target in view!
No target in view!
No target in view!
No target in view!
No target in view!
No target in view!
No target in view!
No target in view!
No target in view!
Things that are here:
a +0 war axe; an orc corpse
p - a +0 war axe
p - a +0 war axe (weapon)
e - 4 scrolls labelled IGGAFINGEA (gained 3)
You sense a monster nearby.
Health restored: 35
q - a scroll labelled SYANEI JAISACA You sense a monster nearby.
An orc wizard comes into view. It is wielding a +0 dagger.
The orc wizard shouts!
You hear a shout! x2
An orc comes into view. It is wielding a +0 trident.
You start waiting.
You sense a monster nearby.
A hobgoblin comes into view.
You hit the orc. The orc hits you with a +0 trident.
The orc closely misses you.
You take 2 damage, and have 33/35 hp.
You barely miss the orc. The orc hits you but does no damage.
You hit the orc. You barely miss the orc. The orc hits you with a +0 trident!
The orc wizard gestures at you while chanting.
You are confused.
You take 7 damage, and have 26/35 hp.
You bump into the rock wall.
The orc hits you with a +0 trident.
An orc comes into view. It is wielding a +0 club.
The orc wizard misses you.
You take 6 damage, and have 20/35 hp.
The orc hits you from afar with a +0 trident!
You take 8 damage, and have 12/35 hp.
MASSIVE DAMAGE!!
You bump into the rock wall.
It was a potion of flight.
You feel very buoyant.
You fly up into the air.
The orc throws a boomerang.
The boomerang closely misses you.
It was a potion of degeneration.
There was something very wrong with that liquid.
You feel weakened.
You feel dopey.
You feel clumsy.
You feel less confused.
The orc hits you from afar with a +0 trident.
* * * LOW HITPOINT WARNING * * *
The orc wizard misses you.
You take 4 damage, and have 9/35 hp.
It was a potion of brilliance.
You feel clever all of a sudden. The orc hits you but does no damage.
The hobgoblin hits you.
* * * LOW HITPOINT WARNING * * *
The orc wizard points at you and mumbles some strange words.
The puff of flame hits you.
* * * LOW HITPOINT WARNING * * *
You take 5 damage, and have 4/35 hp.
It was a potion of curing.
You feel better.
The orc hits you from afar with a +0 trident.
* * * LOW HITPOINT WARNING * * *
The hobgoblin hits you but does no damage.
The orc wizard hits you with a +0 dagger.
* * * LOW HITPOINT WARNING * * *
You take 1 damage, and have 3/35 hp.
As you read the scroll labelled FERASTRUGEDD, it crumbles to dust.
It is a scroll of amnesia.
You feel forgetful for a moment.
The orc hits you from afar with a +0 trident.
You die...

###...†.. ..........
####...... #......
.##.##############......
........................
......#o................
..... #ogo..............
.... #@................
..o #.................
.. #................. .
#...........####.#
#.........### #.#
#......†..# #.#
#.........# #.#
###+####### ..# ...


You could see an orc wizard, 2 orcs and a hobgoblin.

Vanquished Creatures
  Jessica (D:2)
  An adder (D:2)
  2 dart slugs (D:1)
  An orc (D:3)
  2 ball pythons (D:2)
  3 endoplasms
  A giant cockroach (D:1)
  A goblin (D:2)
  A hobgoblin (D:1)
  6 kobolds
  2 quokkas (D:2)
  3 bats
  A frilled lizard (D:1)
  3 rats
28 creatures vanquished.

Vanquished Creatures (others)
  A fungus (D:2)
1 creature vanquished.

Grand Total: 29 creatures vanquished

Notes
Turn   | Place    | Note
-------+----------+-------------------------------------------
     0 | Abyss:1  | murtidash the Formicid Abyssal Knight began the quest for
                  | the Orb.
     0 | Abyss:1  | Reached XP level 1. HP: 18/18 MP: 2/2
    25 | D:1      | Escaped the Abyss
   104 | D:1      | Reached XP level 2. HP: 9/24 MP: 3/3
   478 | D:1      | Found Jaogg's Jewellery Shop.
   801 | D:2      | Found a faded altar of an unknown god.
  1007 | D:2      | Reached skill level 3 in Axes
  1007 | D:2      | Reached XP level 3. HP: 13/29 MP: 5/5
  1268 | D:2      | Reached skill level 3 in Invocations
  1346 | D:2      | Noticed Jessica
  1351 | D:2      | Killed Jessica
  1352 | D:2      | Reached XP level 4. HP: 26/35 MP: 6/6
  2400 | D:3      | HP: 4/35 [orc wizard/puff of flame (4)]
  2402 | D:3      | Slain by an orc

Illustrated notes

Levels and vault maps discovered:
D:1:      kennysheep_arrival_forest, layout_rooms, serial_shops,
          nicolae_shop_statue_plus, minmay_pentomino_z2
D:2:      layout_basic, shapermc_ecumenical_altar_acropolis, uniq_jessica
D:3:      minmay_skewed_foursquare, layout_basic,
          amethyst_overflow_temple_binary

Skill      XL: |  1  2  3 |
---------------+----------+-----
Axes           | 3 |  3.7
Invocations    | 3 |  3.4
Fighting       | |  3.2
Armour         | |  2.1
Dodging        | |  0.8

Action                   |  1- 3 |  4- 6 || total
-------------------------+-------+-------++-------
Melee: Hand axe          |    55 |    32 ||    87
       War axe           |       |     4 ||     4
  Use: Potion            |       |     4 ||     4
       Scroll            |       |     1 ||     1
Armor: Leather armour    |    13 |    20 ||    33
Dodge: Dodged            |    26 |    29 ||    55

Table legend: (Time is in decaauts)
 A = Elapsed time spent in this place.
 B = Non-inter-level travel time spent in this place.
 C = Inter-level travel time spent in this place.
 D = Time resting spent in this place.
 E = Time spent auto-exploring this place.
 F = Levels seen in this place.
 G = Mean time per level.
                   A        B        C        D        E       F      G
               +--------+--------+--------+--------+--------+-----+--------+
         Total |   2416 |   2399 |     17 |      5 |   2118 |   4 |  604.0 |
       Dungeon |   2390 |   2373 |     17 |      5 |   2103 |   3 |  796.7 |
         Abyss |     26 |     26 |      0 |      0 |     15 |   1 |   26.0 |
               +--------+--------+--------+--------+--------+-----+--------+

Top non-repeatable levels by time:
     D:2: 1309 daAuts
     D:1: 770 daAuts
     D:3: 311 daAuts
 Abyss:1: 26 daAuts

Table legend:
 A = Kills in this place as a percentage of kills in entire the game.
 B = Kills by you in this place as a percentage of kills by you in the entire game.
 C = Kills by friends in this place as a percentage of kills by friends in the entire game.
 D = Other kills in this place as a percentage of other kills in the entire game.
 E = Experience gained in this place as a percentage of experience gained in the entire game.
 F = Experience gained in this place divided by the number of levels of this place that you have seen.
                   A       B       C       D       E      F
               +-------+-------+-------+-------+-------+----------------------
         Total | 100.0 | 100.0 |   N/A |   N/A | 100.0 |  25.0
       Dungeon | 100.0 | 100.0 |   N/A |   N/A | 100.0 |  33.3
               +-------+-------+-------+-------+-------+----------------------
